 Dungeon Crawl Stone Soup version 0.17-a0-2118-g63bad21 (webtiles) character file.

28016 panicbit the Cleaver (level 13, -28/118 HPs)
             Began as a Minotaur Fighter on Sept 15, 2015.
             Was a High Priest of Okawaru.
             Killed from afar by a fire dragon (50 damage)
             ... with a blast of flame
             ... on level 15 of the Dungeon on Oct 20, 2015.
             The game lasted 00:59:50 (15696 turns).

panicbit the Cleaver (Minotaur Fighter)            Turns: 15696, Time: 00:59:50

Health: -28/118    AC: 22    Str: 24    XL:     13   Next: 7%
Magic:  7/14       EV: 16    Int:  5    God:    Okawaru [*****.]
Gold:   7          SH: 15    Dex: 15    Spells: 0 memorised, 12 levels left

rFire  . . .     SeeInvis +     N - +8 broad axe (elec)
rCold  . . .     Clarity  .     K - +0 chain mail
rNeg   . . .     SustAt   .     c - +0 shield
rPois  .         Gourm    .     p - +1 hat
rElec  .         Spirit   .     Y - +1 cloak {+Inv}
rCorr  .         Warding  .     g - +2 pair of gloves {Str+3}
rMut   .         Stasis   .     b - +0 pair of boots {run}
MR     .....                    (no amulet)
Stlth  +.........               A - ring of see invisible
                                j - ring of stealth

@: heroism, finesse, quick, not resistant to hostile enchantments, very
unstealthy
A: retaliatory headbutt, horns 2
a: Heroism, Finesse, Renounce Religion, Evoke Invisibility


You were on level 15 of the Dungeon.
You worshipped Okawaru.
Okawaru was extremely pleased with you.
You were not hungry.

You visited 2 branches of the dungeon, and saw 16 of its levels.

You collected 1291 gold pieces.
You spent 1284 gold pieces at shops.

Inventory:

Hand Weapons
 N - a +8 broad axe of electrocution (weapon)
 R - a +0 flail
Armour
 b - a +0 pair of boots of running (worn)
 c - a +0 shield (worn)
 g - a +2 pair of gloves of strength (worn)
 p - a +1 hat (worn)
 r - a +0 plate armour
 H - a +0 ice dragon armour
 K - a +0 chain mail (worn)
 Y - a +1 cloak of invisibility (worn)
Jewellery
 j - a ring of stealth (left hand)
 v - an uncursed ring of poison resistance
 w - an uncursed ring of teleportation
 A - a ring of see invisible (right hand)
 G - an uncursed ring of protection from cold
 W - an uncursed ring of sustain attributes
Wands
 P - a wand of draining (5)
 S - a wand of digging (10)
 Z - a wand of fire (3)
Scrolls
 i - 10 scrolls of teleportation
 k - 3 scrolls of blinking
 m - 4 scrolls of recharging
 n - 3 scrolls of fog
 q - 5 scrolls of remove curse
 y - 5 scrolls of identify
 B - a scroll of magic mapping
 E - 4 scrolls of fear
 J - 5 scrolls of amnesia
 O - 2 scrolls of enchant armour
 V - a scroll of enchant weapon
Potions
 d - 2 potions of might
 f - a potion of brilliance {unknown}
 h - a potion of haste
 l - 3 potions of heal wounds {unknown}
 o - a potion of mutation {unknown}
 s - a potion of cancellation
 u - 3 potions of poison {unknown}
 x - 4 potions of resistance {unknown}
 z - 2 potions of cure mutation {unknown}
 C - 2 potions of curing
 D - a potion of invisibility {unknown}
 F - 2 potions of flight {unknown}
 I - a potion of ambrosia {unknown}
 M - a potion of magic {unknown}
 Q - a potion of agility
 X - 3 potions of degeneration {unknown}
Comestibles
 e - 16 bread rations
 L - 3 royal jellies
 T - 3 meat rations
 U - a slice of pizza


   Skills:
 + Level 12.2(17.2) Fighting
 + Level 13.4(18.4) Axes
 + Level 1.9(14.1) Maces & Flails
 + Level 10.8(15.8) Armour
 + Level 8.5(13.5) Dodging
 + Level 2.6(7.6) Stealth
 + Level 12.7(17.7) Shields
 + Level 3.9 Invocations


You had 12 spell levels left.
You didn't know any spells.

Dungeon Overview and Level Annotations

Branches:
Dungeon (15/15)            Temple (1/1) D:5            Lair (0/8) D:9
    Orc (0/4) D:9          Vaults (0/5) D:14
 Depths: D:15

Altars:
Ashenzari
Cheibriados
Dithmenos
Elyvilon
Fedhas
Gozag
Kikubaaqudgha
Makhleb
Nemelex Xobeh
Okawaru
Ru
Sif Muna
Trog
Vehumet
Xom
Yredelemnul
Zin
The Shining One

Shops:
D:9 ?*%?   D:15 *[


Innate Abilities, Weirdness & Mutations

You reflexively headbutt those who attack you in melee.
You have a pair of horns on your head.


Message History

You closely miss the fire dragon.
You headbutt the fire dragon, but do no damage.
The fire dragon is severely wounded.
You hit the fire dragon.
There is a sudden explosion of sparks!
You headbutt the fire dragon.
You kill the fire dragon!
Okawaru accepts your kill.
Use which ability?
You can now deal lightning-fast blows.
You feel somewhat more hungry.
A hungry ghost comes into view.
You block the fire dragon's attack. The fire dragon claws you.
* * * LOW HITPOINT WARNING * * *
The fire dragon tramples you but does no damage.
The hungry ghost moves out of view.
You see here 4 arrows.
You barely miss the fire dragon. Your headbutt misses the fire dragon.
The fire dragon breathes flames at you. The blast of flame hits you!
You die...

.##.##.####.###... ##.#
....##.# #.##...# ##..
........ ###..8.## #...
##..##.. #......# #...
##..##.. #....c# #.##
.....< #c# #.# ##.####
#c# #.#
##D##############.# #
#..@............#.## .
.......############.#...
# ##.###.# #.#..# .. .(#
#.#... #. #### #..### #
#..# # ##..###
########.∩#...
#..........##.#


You could see a fire dragon and 2 centaurs.

Vanquished Creatures
  Snorg (D:12)
  A fire dragon (D:15)
  The ghost of Barrydekale the Protected, a journeyman MiFi of the Shining One (D:11)
  3 centaur warriors
  2 hydras
  4 hill giants
  A cyclops (D:14)
  3 ugly things
  A griffon (D:13)
  A wizard (D:13)
  A manticore (D:11)
  2 gargoyles
  Psyche (D:8)
  The ghost of emiel the Digger, a novice DsEE of Cheibriados (D:8)
  A fire drake (D:9)
  4 trolls
  A blink frog (shapeshifter) (D:14)
  4 slime creatures (D:14)
  5 wyverns
  2 wraiths
  A deep elf mage (D:9)
  2 shadows
  A trapdoor spider (D:13)
  2 vampires
  A trapdoor spider (shapeshifter) (D:14)
  A hog (shapeshifter) (D:14)
  16 yaks
  2 hungry ghosts (D:7)
  A human (shapeshifter) (D:14)
  A basilisk (D:12)
  A hippogriff (D:13)
  Menkaure (D:7)
  A mottled dragon (D:14)
  A soldier ant (D:13)
  Duvessa (D:7)
  2 ice beasts
  6 orc warriors
  A black bear (D:10)
  3 phantoms (D:4)
  A sky beast (D:13)
  A necrophage (D:3)
  21 centaurs
  8 ogres
  A crocodile (D:14)
  2 big kobolds
  A wyvern skeleton (D:13)
  Dowan (D:7)
  7 giant frogs
  2 wyvern zombies
  5 scorpions
  18 killer bees
  8 wights
  A giant frog zombie (D:13)
  2 quasits
  6 crimson imps
  A wyvern simulacrum (D:10)
  2 centaur zombies
  2 jellies
  11 orc wizards
  4 hounds
  5 orc priests
  2 giant frog skeletons
  Jessica (D:2)
  Terence (D:2)
  3 iguanas
  5 centaur skeletons
  7 worker ants
  A hound zombie (D:7)
  A hound skeleton (D:8)
  2 worker ant zombies
  12 adders
  2 shadow imps
  3 oozes
  2 adder zombies
  A worm (D:4)
  A giant gecko (D:10)
  40 orcs
  6 giant cockroaches
  11 goblins
  9 hobgoblins
  7 jackals
  8 quokkas
  A ball python (D:2)
  10 bats
  5 giant newts
  A jackal skeleton (D:9)
  21 kobolds
  A quokka skeleton (D:4)
  25 rats
384 creatures vanquished.

Vanquished Creatures (others)
  A komodo dragon (D:15)
  A two-headed ogre (D:15)
2 creatures vanquished.

Grand Total: 386 creatures vanquished

Notes
Turn   | Place    | Note
--------------------------------------------------------------
     0 | D:1      | panicbit the Minotaur Fighter began the quest for the Orb.
     0 | D:1      | Reached XP level 1. HP: 19/19 MP: 0/0
   222 | D:1      | Reached XP level 2. HP: 18/27 MP: 1/1
   234 | D:1      | Reached skill level 4 in Fighting
   937 | D:2      | Reached XP level 3. HP: 33/33 MP: 2/2
   942 | D:2      | Noticed Jessica
   947 | D:2      | Killed Jessica
  1227 | D:2      | Found a faded altar to an unknown god.
  1230 | D:2      | Reached XP level 4. HP: 40/40 MP: 3/3
  1964 | D:2      | Noticed Terence
  1976 | D:2      | Killed Terence
  2042 | D:2      | Reached XP level 5. HP: 45/47 MP: 4/4
  2457 | D:3      | Noticed a necrophage
  2466 | D:3      | Killed a necrophage
  2466 | D:3      | Reached skill level 1 in Dodging
  2466 | D:3      | Reached skill level 5 in Shields
  2610 | D:3      | Reached XP level 6. HP: 40/55 MP: 5/5
  2919 | D:4      | Reached skill level 5 in Armour
  3029 | D:4      | Reached skill level 5 in Fighting
  3054 | D:4      | Found a white marble altar of Elyvilon.
  3377 | D:4      | Reached XP level 7. HP: 51/61 MP: 6/6
  3445 | D:4      | Reached skill level 5 in Axes
  3781 | D:5      | Entered Level 5 of the Dungeon
  3859 | D:5      | Found a staircase to the Ecumenical Temple.
  3865 | Temple   | Entered the Ecumenical Temple
  3890 | Temple   | Became a worshipper of Warmaster Okawaru
  4410 | D:5      | Reached skill level 6 in Shields
  4659 | D:6      | Reached XP level 8. HP: 35/70 MP: 7/7
  5117 | D:6      | Identified a +0 pair of boots of running (You found it on level 6 of the Dungeon)
  5120 | D:6      | Found a glowing golden altar of the Shining One.
  5259 | D:6      | Found a bloodstained altar of Trog.
  5269 | D:6      | Found a shimmering altar of Xom.
  5273 | D:6      | Found a snail-covered altar of Cheibriados.
  5365 | D:7      | Reached piety under Okawaru
  5513 | D:7      | Found a shadowy altar of Dithmenos.
  5531 | D:7      | Reached skill level 7 in Armour
  5989 | D:7      | Noticed Duvessa
  5990 | D:7      | Noticed Dowan
  6001 | D:7      | Killed Duvessa
  6009 | D:7      | Killed Dowan
  6044 | D:7      | Noticed Menkaure
  6388 | D:7      | Killed Menkaure
  6388 | D:7      | Reached XP level 9. HP: 32/78 MP: 5/8
  6460 | D:7      | Reached skill level 8 in Armour
  7325 | D:7      | Upgraded the game from 0.17-a0-1838-g891d947 to 0.17-a0-2118-g63bad21
  7390 | D:8      | Noticed emiel's ghost (novice DsEE)
  7813 | D:8      | Reached ** piety under Okawaru
  7827 | D:8      | Reached skill level 1 in Stealth
  8173 | D:8      | Found an opulent altar of Gozag.
  8238 | D:8      | Noticed Psyche
  8246 | D:8      | Killed Psyche
  8246 | D:8      | Reached *** piety under Okawaru
  8575 | D:9      | Found a staircase to the Lair.
  8576 | D:9      | Noticed a fire drake
  8591 | D:9      | Killed a fire drake
  8591 | D:9      | Reached skill level 9 in Shields
  8607 | D:9      | Noticed a hill giant
  8708 | D:9      | Reached XP level 10. HP: 43/90 MP: 9/9
  8714 | D:9      | Found Zetitoy's Assorted Antiques.
  8902 | D:9      | Bought a scroll of remove curse for 81 gold pieces
  9129 | D:9      | Killed a hill giant
  9129 | D:9      | Reached skill level 5 in Dodging
  9357 | D:9      | Found Jinus's Food Shoppe.
  9362 | D:9      | Bought a bread ration for 55 gold pieces
  9362 | D:9      | Bought a bread ration for 55 gold pieces
  9362 | D:9      | Bought a bread ration for 55 gold pieces
  9362 | D:9      | Bought a bread ration for 55 gold pieces
  9362 | D:9      | Bought a bread ration for 55 gold pieces
  9465 | D:9      | Found Buerph's Magic Scroll Shop.
  9477 | D:9      | Received a gift from Okawaru
  9491 | D:9      | Bought a scroll of identify for 22 gold pieces
  9491 | D:9      | Bought a scroll of identify for 22 gold pieces
  9491 | D:9      | Bought a scroll of identify for 22 gold pieces
  9491 | D:9      | Bought a scroll of remove curse for 33 gold pieces
  9491 | D:9      | Bought a scroll of identify for 22 gold pieces
  9491 | D:9      | Bought a scroll of enchant weapon for 82 gold pieces
  9571 | D:8      | Killed emiel's ghost
 10042 | D:9      | Found a staircase to the Orcish Mines.
 10104 | D:9      | Found Ciorygg's Magic Scroll Shop.
 10220 | D:10     | Entered Level 10 of the Dungeon
 10248 | D:10     | Reached **** piety under Okawaru
 10248 | D:10     | Reached skill level 10 in Shields
 10277 | D:10     | Reached skill level 1 in Invocations
 10539 | D:10     | Reached skill level 10 in Armour
 11096 | D:11     | Reached skill level 10 in Axes
 11100 | D:11     | Reached XP level 11. HP: 99/99 MP: 10/10
 11105 | D:11     | Reached skill level 10 in Fighting
 11119 | D:11     | Reached ***** piety under Okawaru
 11293 | D:11     | Noticed Barrydekale's ghost (journeyman MiFi)
 11324 | D:11     | Killed Barrydekale's ghost
 11335 | D:11     | Noticed a manticore
 11355 | D:11     | Killed a manticore
 11590 | D:12     | Noticed a four-headed hydra
 11609 | D:12     | Killed a four-headed hydra
 11609 | D:12     | Reached skill level 11 in Shields
 11675 | D:12     | HP: 3/101 [red ugly thing (22)]
 12282 | D:12     | Noticed Snorg
 12298 | D:12     | Killed Snorg
 12298 | D:12     | Received a gift from Okawaru
 12298 | D:12     | Reached skill level 1 in Maces & Flails
 13242 | D:13     | Reached XP level 12. HP: 101/110 MP: 6/13
 13493 | D:13     | Noticed a seven-headed hydra
 13502 | D:13     | Killed a seven-headed hydra
 13502 | D:13     | Received a gift from Okawaru
 13708 | D:13     | Reached skill level 12 in Axes
 13913 | D:13     | Noticed a hill giant
 13921 | D:13     | Killed a hill giant
 14524 | D:14     | Found a gate to the Vaults.
 14882 | D:14     | Received a gift from Okawaru
 15147 | D:14     | Noticed a centaur warrior
 15154 | D:14     | Killed a centaur warrior
 15154 | D:14     | Reached skill level 13 in Axes
 15206 | D:15     | Entered Level 15 of the Dungeon
 15289 | D:15     | Found Depsango's General Store.
 15297 | D:15     | Bought a +2 pair of gloves of strength for 322 gold pieces
 15297 | D:15     | Bought a potion of cancellation for 120 gold pieces
 15297 | D:15     | Bought a scroll of enchant weapon for 112 gold pieces
 15321 | D:15     | Noticed a centaur warrior
 15327 | D:15     | Killed a centaur warrior
 15549 | D:15     | Found Jenuodghu's Antique Armour Boutique.
 15552 | D:15     | Bought an embroidered cloak for 171 gold pieces
 15665 | D:15     | Noticed a centaur warrior
 15669 | D:15     | Killed a centaur warrior
 15669 | D:15     | Reached XP level 13. HP: 109/118 MP: 14/14
 15671 | D:15     | Noticed a fire dragon
 15672 | D:15     | Noticed a fire dragon
 15693 | D:15     | Killed a fire dragon
 15696 | D:15     | Killed from afar by a fire dragon

Vault maps used:
D:1:      evilmike_arrival_rings, due_unseen_surprise
D:2:      ecumenical_altar_1, minmay_rat_hole, uniq_jessica, uniq_terence
D:3:      first_bread, serial_curves, eino_curves_04, eino_curves_02
D:4:      lemuel_upstairs_altar, old_standard_altar
D:5:      minmay_temple_entry_fiery
D:6:      old_standard_altar, minitemple
D:7:      grunt_dithmenos_smoke, uniq_duvessa, uniq_menkaure
D:8:      nicolae_gozag_seed_capital, uniq_psyche
D:9:      minmay_lair_entry_lava, orc_0_dummy, serial_shops,
          kennysheep_little_box, nicolae_shop_overgrown_old_shop, shop,
          kennysheep_mini_moat
D:12:     uniq_snorg
D:14:     david_vaults_2, minmay_staircase_bubble
D:15:     grunt_enter_depths_hoard, serial_shops, shop,
          nicolae_shop_behind_doors, minmay_misc_feat_ornament,
          lemuel_flamethrower_2, uniq_nessos
Temple:   nicolae_temple_x_marks_the_god

Action                   |  1- 3 |  4- 6 |  7- 9 | 10-12 | 13-15 || total
-------------------------+-------+-------+-------+-------+-------++-------
Melee: War axe           |    75 |   171 |   389 |   697 |       ||  1332
       Flail             |       |       |       |    22 |       ||    22
       Broad axe         |       |       |       |    70 |     9 ||    79
Invok: Heroism           |       |       |     4 |    16 |     1 ||    21
       Finesse           |       |       |       |     2 |     1 ||     3
  Use: Scroll            |       |     9 |     1 |     7 |       ||    17
       Potion            |       |       |     2 |     2 |       ||     4
 Stab: Sleeping          |       |       |       |     2 |       ||     2
  Eat: Chunk             |     1 |     6 |     7 |    20 |       ||    34
       Beef jerky        |       |     1 |     2 |     1 |       ||     4
       Meat ration       |       |       |     3 |       |       ||     3
       Royal jelly       |       |       |     1 |       |       ||     1
       Fruit             |       |       |       |     1 |       ||     1
